 Dungeon Crawl Stone Soup version 0.29.0-4-gdea44cf6ec (webtiles) character file.

Game seed: 8415526117642423802

1109 qw the Cleaver (level 8, -1/68 HPs)
             Began as a Minotaur Fighter on Sept 4, 2022.
             Slain by Maggie
             ... wielding a +0 halberd of flaming
              (4 damage)
             ... on level 6 of the Dungeon.
             The game lasted 00:02:18 (5596 turns).

qw the Cleaver (Minotaur Fighter)                   Turns: 5596, Time: 00:02:19

Health: -1/68      AC: 21    Str: 24    XL:     8   Next: 11%
Magic:  7/7        EV:  2    Int:  5    God:
Gold:   249        SH:  9    Dex:  9    Spells: 7/7 levels left

rFire   . . .      SeeInvis .   Y - +0 war axe
rCold   . . .      Faith    .   p - +0 kite shield
rNeg    . . .      Spirit   .   q - +0 crystal plate armour
rPois   .          Reflect  .   (helmet restricted)
rElec   .          Harm     .   (no cloak)
rCorr   .          Rampage  .   g - +0 pair of gloves
Will    .....                   (no boots)
Stlth   ..........              (no amulet)
HPRegen 0.21/turn               b - +4 ring of protection
MPRegen 0.10/turn               (no ring)

@: mesmerised
A: horns 2, retaliatory headbutt
a: no special abilities


You were on level 6 of the Dungeon.
You visited 1 branch of the dungeon, and saw 6 of its levels.

You collected 249 gold pieces.


Innate Abilities, Weirdness & Mutations

You have a pair of horns on your head.
You reflexively headbutt those who attack you in melee.


   Skills:
 - Level 5.1 Fighting
 - Level 9.6 Axes
 + Level 4.2 Armour
 - Level 1.0 Dodging
 - Level 6.0 Shields


You had 7 spell levels left.
You didn't know any spells.
Your spell library was empty.

Inventory:

Hand Weapons
 o - a +0 flail of protection
 Y - a +0 war axe (weapon)
Armour
 g - a +0 pair of gloves (worn)
 p - a +0 kite shield (worn)
 q - a +0 crystal plate armour (worn)
Jewellery
 b - a +4 ring of protection (left hand)
 s - a ring of fire
Scrolls
 c - a scroll of blinking {unknown}
 j - 2 scrolls of identify
Potions
 a - a potion of cancellation
 d - 2 potions of might
 f - 4 potions of curing
 m - 2 potions of mutation

Dungeon Overview and Level Annotations

Branches:
Dungeon (6/15)             Temple (0/1) D:6

Altars:
Ashenzari
Cheibriados
Elyvilon

Shops:
D:6 *

Annotations:
D:6 Maggie


Message History

You have reached level 8!
You feel stronger. You block Maggie's attack.
Things that are here:
a +1 dire flail of protection; a +0 chain mail of cold resistance; the human corpse of Edmund You hit Maggie.
Maggie is lightly wounded.
You slash the white imp! Maggie hits you but does no damage.
You block the white imp's attack.
You slash the white imp!
You kill the white imp!
You closely miss Maggie. You block Maggie's attack.
Your Shields skill increases to level 6!
You hit Maggie. You headbutt Maggie, but do no damage.
Maggie is lightly wounded.
Maggie barely misses you.
You completely miss Maggie. You headbutt Maggie.
Maggie is moderately wounded.
Maggie hits you but does no damage. x2
You slash Maggie!
Maggie is heavily wounded.
Maggie casts a spell.
Maggie attempts to bespell you!
You are mesmerised by Maggie!
You completely miss Maggie.
Maggie is heavily wounded.
Maggie hits you with a +0 halberd of flaming.
Maggie burns you.
You slash Maggie! Your headbutt misses Maggie.
Maggie is severely wounded.
You block Maggie's attack.
You hit Maggie. Your headbutt misses Maggie.
Maggie is severely wounded.
Maggie hits you with a +0 halberd of flaming.
Maggie burns you.
You slash Maggie!
Maggie is almost dead.
You block Maggie's attack.
Maggie hits you with a +0 halberd of flaming.
You die...

.## ## .. ...
.########.. #.#
.#........# .....
.#.#...#?.### #####.#...
.#.#.......... .........
.........###..##@.......
...#.#..........@##
..#...#..###..#...##
....\....#.........#
..#...#..###..#..8.#
#..#.#........#....#
........#####.#...##
.................#####
...##########..........
###....................


You could see Maggie (mesmerising).

Vanquished Creatures
  A wyvern (D:6)
  Edmund (D:6)
  A phantom (D:4)
  A necrophage (D:6)
  A gnoll sergeant (D:5)
  A scorpion (D:4)
  A howler monkey (D:5)
  3 hounds
  2 orc priests
  2 jellies (D:5)
  5 iguanas
  4 gnolls (D:5)
  7 adders
  A white imp (D:6)
  2 ufetubi (D:5)
  2 worms
  A dart slug (D:2)
  10 orcs
  6 ball pythons
  9 bats
  5 endoplasms
  3 giant cockroaches
  3 goblins
  11 hobgoblins
  10 jackals
  5 kobolds
  A quokka (D:3)
  3 frilled lizards
  7 rats
109 creatures vanquished.

Notes
Turn   | Place    | Note
-------+----------+-------------------------------------------
     0 | D:1      | qw the Minotaur Fighter began the quest for the Orb.
     0 | D:1      | Reached XP level 1. HP: 19/19 MP: 0/0
     0 | D:1      | 0 ||| qw: Version: 0.1-a-103-gd6f5d3a
     0 | D:1      | 0 ||| qw: Game counter: 5454
     0 | D:1      | 0 ||| qw: Always use a shield: true
     0 | D:1      | 0 ||| qw: God list: Ru
     0 | D:1      | 0 ||| qw: Allow faded altars: false
     0 | D:1      | 0 ||| qw: Do Orc after D:15 true
     0 | D:1      | 0 ||| qw: Do second Lair branch before Depths: true
     0 | D:1      | 0 ||| qw: Lair rune preference: random
     0 | D:1      | 0 ||| qw: Plans: Normal
     0 | D:1      | 0 ||| PLANNING D:1-11
   151 | D:1      | Reached skill level 3 in Axes
   178 | D:1      | Reached XP level 2. HP: 26/26 MP: 1/1
   190 | D:1      | Found a faded altar of an unknown god.
   362 | D:1      | 362 ||| Stepping ~*~*~tactically~*~*~ (stealth).
   751 | D:1      | 751 ||| READING scroll labelled NIWOKO WATONN.
   752 | D:1      | 752 ||| READING 2 scrolls labelled WAASODGHO KOWYW.
   753 | D:1      | 753 ||| DROPPING scroll of magic mapping.
   775 | D:2      | 775 ||| STAIRDANCE
   779 | D:1      | Reached skill level 4 in Axes
   864 | D:2      | 864 ||| Stepping ~*~*~tactically~*~*~ (stealth).
   871 | D:2      | Reached XP level 3. HP: 31/31 MP: 2/2
  1154 | D:2      | Reached skill level 5 in Axes
  1433 | D:2      | 1433 ||| Stepping ~*~*~tactically~*~*~ (hiding).
  1443 | D:2      | Reached skill level 1 in Dodging
  1443 | D:2      | Reached XP level 4. HP: 38/39 MP: 3/3
  1717 | D:2      | 1717 ||| UPGRADING to +0 chain mail.
  1727 | D:2      | 1727 ||| DROPPING +0 scale mail.
  1728 | D:2      | 1728 ||| READING scroll labelled RURUKE GOSSY.
  1729 | D:2      | 1729 ||| READING scroll labelled YQEVEY ULUTIS.
  1730 | D:2      | 1730 ||| DRINKING 2 fuming emerald potions.
  1731 | D:2      | 1731 ||| DRINKING 2 sedimented black potions.
  1771 | D:2      | 1771 ||| DROPPING potion of lignification.
  1829 | D:3      | 1829 ||| Stepping ~*~*~tactically~*~*~ (stealth).
  1834 | D:3      | 1834 ||| Stepping ~*~*~tactically~*~*~ (stealth).
  1869 | D:3      | 1869 ||| Stepping ~*~*~tactically~*~*~ (stealth).
  1877 | D:3      | 1877 ||| Stepping ~*~*~tactically~*~*~ (stealth).
  2098 | D:3      | Found a white marble altar of Elyvilon.
  2099 | D:3      | Found a broken altar of Ashenzari.
  2105 | D:3      | 2105 ||| FLEEEEING.
  2106 | D:3      | 2106 ||| FLEEEEING.
  2107 | D:3      | 2107 ||| FLEEEEING.
  2108 | D:3      | 2108 ||| FLEEEEING.
  2109 | D:3      | 2109 ||| FLEEEEING.
  2110 | D:3      | 2110 ||| FLEEEEING.
  2111 | D:3      | 2111 ||| FLEEEEING.
  2112 | D:3      | 2112 ||| FLEEEEING.
  2113 | D:3      | 2113 ||| FLEEEEING.
  2341 | D:3      | 2341 ||| FLEEEEING.
  2342 | D:3      | 2342 ||| FLEEEEING.
  2343 | D:3      | 2343 ||| FLEEEEING.
  2344 | D:3      | 2344 ||| FLEEEEING.
  2345 | D:3      | 2345 ||| FLEEEEING.
  2797 | D:3      | 2797 ||| Stepping ~*~*~tactically~*~*~ (stealth).
  2799 | D:3      | 2799 ||| Stepping ~*~*~tactically~*~*~ (hiding).
  2812 | D:3      | Reached skill level 6 in Axes
  2812 | D:3      | Reached XP level 5. HP: 27/45 MP: 4/4
  2967 | D:3      | 2967 ||| DROPPING ring of flight.
  2968 | D:3      | 2968 ||| READING scroll labelled MYIVILLE CUOG.
  2969 | D:3      | 2969 ||| READING scroll labelled XISMI OKLAYGI.
  2970 | D:3      | 2970 ||| READING scroll labelled MYEKHYSAIF.
  3111 | D:4      | Reached skill level 7 in Axes
  3111 | D:4      | HP: 11/45 [poisoned by a scorpion]
  3116 | D:4      | HP: 6/45 [poisoned by a scorpion]
  3609 | D:4      | Reached XP level 6. HP: 52/52 MP: 5/5
  3626 | D:4      | Identified the +5 sling of Breach {flame, rPois Str+3}
  4196 | D:4      | 4196 ||| UPGRADING to +4 ring of protection.
  4197 | D:4      | 4197 ||| READING 5 scrolls of identify.
  4197 | D:4      | 4197 ||| IDENTIFYING fuming green potion
  4265 | D:5      | Entered Level 5 of the Dungeon
  4272 | D:5      | Identified the +1 dagger of Annihilation {pain, rCorr Str+2
                  | Dex+4 Stlth+}
  4289 | D:5      | Reached skill level 8 in Axes
  4412 | D:5      | 4412 ||| Stepping ~*~*~tactically~*~*~ (stealth).
  4422 | D:5      | 4422 ||| Stepping ~*~*~tactically~*~*~ (stealth).
  4424 | D:5      | 4424 ||| Stepping ~*~*~tactically~*~*~ (stealth).
  4426 | D:5      | 4426 ||| Stepping ~*~*~tactically~*~*~ (stealth).
  4427 | D:5      | 4427 ||| Stepping ~*~*~tactically~*~*~ (stealth).
  4429 | D:5      | 4429 ||| Stepping ~*~*~tactically~*~*~ (stealth).
  4432 | D:5      | 4432 ||| Stepping ~*~*~tactically~*~*~ (stealth).
  4496 | D:5      | Reached XP level 7. HP: 36/59 MP: 6/6
  4616 | D:5      | 4616 ||| DROPPING +0 whip.
  4623 | D:5      | Reached skill level 9 in Axes
  4646 | D:5      | 4646 ||| Stepping ~*~*~tactically~*~*~ (hiding).
  4868 | D:5      | 4868 ||| Stepping ~*~*~tactically~*~*~ (stealth).
  4872 | D:5      | 4872 ||| Stepping ~*~*~tactically~*~*~ (stealth).
  4880 | D:5      | 4880 ||| FLEEEEING.
  4881 | D:5      | 4881 ||| FLEEEEING.
  4883 | D:5      | 4883 ||| FLEEEEING.
  4884 | D:5      | 4884 ||| FLEEEEING.
  4885 | D:5      | 4885 ||| FLEEEEING.
  4886 | D:5      | 4886 ||| FLEEEEING.
  4888 | D:5      | 4888 ||| FLEEEEING.
  4938 | D:5      | 4938 ||| Stepping ~*~*~tactically~*~*~ (stealth).
  5155 | D:5      | Found a snail-covered altar of Cheibriados.
  5197 | D:5      | 5197 ||| UPGRADING to +0 pair of gloves.
  5202 | D:5      | 5202 ||| UPGRADING to +0 kite shield.
  5212 | D:5      | 5212 ||| DROPPING +0 buckler.
  5213 | D:5      | 5213 ||| UPGRADING to +0 crystal plate armour.
  5223 | D:5      | 5223 ||| DROPPING +0 chain mail.
  5224 | D:5      | 5224 ||| READING scroll labelled OKHITS GOGE.
  5225 | D:5      | 5225 ||| READING 2 scrolls labelled ZIAHIA NOADO.
  5226 | D:5      | 5226 ||| READING scroll labelled QADGHI BAOTY.
  5229 | D:5      | 5229 ||| READING 5 scrolls of identify.
  5229 | D:5      | 5229 ||| IDENTIFYING fizzy coppery potion
  5230 | D:5      | 5230 ||| READING 4 scrolls of identify.
  5230 | D:5      | 5230 ||| IDENTIFYING fuming brown potion
  5231 | D:5      | 5231 ||| READING 3 scrolls of identify.
  5231 | D:5      | 5231 ||| IDENTIFYING glowing cyan potion
  5232 | D:5      | 5232 ||| DROPPING scroll of amnesia.
  5233 | D:5      | 5233 ||| DROPPING potion of berserk rage.
  5253 | D:6      | Found a staircase to the Ecumenical Temple.
  5286 | D:6      | Noticed a wyvern
  5300 | D:6      | Killed a wyvern
  5482 | D:6      | Found Tuamaeso's Overcharged Wands.
  5495 | D:6      | 5495 ||| SHOPLISTING wand of digging (11) (693 gold, have
                  | 249).
  5546 | D:6      | Noticed Maggie
  5546 | D:6      | Noticed Edmund
  5547 | D:6      | 5547 ||| Stepping ~*~*~tactically~*~*~ (hiding).
  5569 | D:6      | HP: 8/61 [Edmund/puff of flame (13)]
  5570 | D:6      | 5570 ||| DRINKING 2 potions of heal wounds.
  5572 | D:6      | 5572 ||| DRINKING potion of heal wounds.
  5578 | D:6      | HP: 15/61 [Maggie/+0 halberd of flaming (3)]
  5583 | D:6      | HP: 10/61 [Edmund/+1 dire flail of protection (3)]
  5586 | D:6      | Killed Edmund
  5587 | D:6      | Reached XP level 8. HP: 9/68 MP: 7/7
  5590 | D:6      | Reached skill level 6 in Shields
  5593 | D:6      | HP: 10/68 [Maggie/+0 halberd of flaming (1)]
  5595 | D:6      | HP: 4/68 [Maggie/+0 halberd of flaming (6)]
  5596 | D:6      | Slain by Maggie

Levels and vault maps discovered:
D:1:      ebering_trefoil_3fold, layout_basic,
          hellmonk_ecumenical_altar_prayer_group
D:2:      layout_loops_cross, minmay_box_of_dots
D:3:      layout_loops_ring, mainiacjoe_overflow_catwalk_spiral
D:4:      layout_basic, kennysheep_nondescript
D:5:      layout_gridville, chei_slow_surprise, kennysheep_potato
D:6:      layout_basic, minmay_temple_entry_statues, nicolae_stop_n_shop_2,
          mrwooster_statue_mirror, nicolae_shop_overcharged_wands, uniq_maggie,
          uniq_eustachio, uniq_edmund

Skill      XL: |  1  2  3  4  5  6  7  8 |
---------------+-------------------------+-----
Axes           | 3 4 5 6 7 8 9 |  9.6
Dodging        | 1 |  1.0
Fighting       | 4 5 |  5.1
Shields        | 5 6 |  6.0
Armour         | 4 |  4.2

Action                   |  1- 3 |  4- 6 |  7- 9 || total
-------------------------+-------+-------+-------++-------
Melee: War axe           |    70 |   142 |    94 ||   306
       Headbutt          |    12 |    16 |    16 ||    44
Throw: Boomerang         |       |     4 |    24 ||    28
  Use: Scroll            |     2 |     6 |     6 ||    14
       Potion            |       |     2 |     2 ||     4
 Stab: Distracted        |     1 |       |       ||     1
Armor: Scale mail        |    29 |     3 |       ||    32
       Chain mail        |       |    59 |    18 ||    77
       Crystal plate arm |       |       |    45 ||    45
Dodge: Dodged            |    27 |    52 |    13 ||    92
Block: Buckler           |    14 |    32 |     9 ||    55
       Kite shield       |       |       |    33 ||    33

Table legend:
 A = Non-vault XP
 B = Vault XP
 C = Vault XP percentage of total XP
 D = Non-vault monster count
 E = Vault monster count
 F = Vault count percentage of total count
                 A         B        C        D         E       F
            +---------+---------+-------+---------+---------+-------
      Total |    1316 |     269 |  17.0 |      99 |      10 |   9.2
            +---------+---------+-------+---------+---------+-------
        D:1 |      25 |       4 |  13.8 |      15 |       2 |  11.8
        D:2 |      58 |      18 |  23.7 |      18 |       4 |  18.2
        D:3 |      92 |       0 |   0.0 |      24 |       0 |   0.0
        D:4 |     298 |       0 |   0.0 |      15 |       0 |   0.0
        D:5 |     541 |      85 |  13.6 |      23 |       3 |  11.5
        D:6 |     302 |     162 |  34.9 |       4 |       1 |  20.0
            +---------+---------+-------+---------+---------+-------
